 Dungeon Crawl Stone Soup version 0.25.0-9-g26727b657a (webtiles) character file.

Game seed: 2979877488365837600

4208 HoaS the Basher (level 10, 0/65 HPs)
             Began as a Gargoyle Fighter on June 17, 2020.
             Was a Priest of Trog.
             Killed by divine providence
             ... invoked by an orc priest
              (13 damage)
             ... on level 7 of the Dungeon.
             The game lasted 00:16:58 (5992 turns).

HoaS the Basher (Gargoyle Fighter)                  Turns: 5992, Time: 00:16:58

Health: 0/65       AC: 18    Str: 23    XL:     10   Next: 29%
Magic:  10/10      EV:  6    Int:  9    God:    Trog [***...]
Gold:   398        SH: 13    Dex: 15    Spells: 9/9 levels left

rFire    . . .     SeeInvis .   a - +0 flail
rCold    . . .     Gourm    .   c - +1 kite shield
rNeg     + . .     Faith    .   i - +0 chain mail
rPois    ∞         Spirit   .   l - +0 helmet
rElec    +         Reflect  .   (no cloak)
rCorr    .         Harm     .   g - +0 pair of gloves
MR       .....                  (no boots)
Stlth    ..........             (no amulet)
HPRegen  0.20/turn              v - +6 ring of dexterity
MPRegen  0.12/turn              (no ring)

@: no status effects
A: negative energy resistance 1, electricity resistance, unbreathing,
petrification resistance, rot immunity, AC +7
a: Berserk, Trog's Hand, Renounce Religion


You were on level 7 of the Dungeon.
You worshipped Trog.
Trog was most pleased with you.
You were not hungry.

You visited 1 branch of the dungeon, and saw 7 of its levels.

You collected 398 gold pieces.

Inventory:

Hand Weapons
 a - a +0 flail (weapon)
Armour
 c - a +1 kite shield (worn)
 g - a +0 pair of gloves (worn)
 i - a +0 chain mail (worn)
 l - a +0 helmet (worn)
Jewellery
 v - a +6 ring of dexterity (left hand)
Wands
 y - a wand of enslavement (9)
 z - a wand of iceblast (4)
Scrolls
 h - 3 scrolls of remove curse
 k - 4 scrolls of teleportation
 m - a scroll of identify
 q - 5 scrolls of fog
 s - a scroll of fear
 t - 3 scrolls of magic mapping
Potions
 b - a potion of invisibility
 d - 4 potions of might
 e - a potion of ambrosia
 j - 3 potions of lignification
 n - a potion of cancellation {unknown}
 o - 3 potions of haste
 r - a potion of stabbing {unknown}
 w - a potion of heal wounds {unknown}
 x - a potion of degeneration {unknown}
Comestibles
 f - 8 rations


   Skills:
 + Level 8.7 Fighting
 * Level 10.5 Maces & Flails
 - Level 3.2 Armour
 + Level 8.7 Shields


You had 9 spell levels left.
You didn't know any spells.
Your spell library was empty.

Dungeon Overview and Level Annotations

Branches:
Dungeon (7/15)             Temple (0/1) D:6

Altars:
Ashenzari
Cheibriados
Dithmenos
Nemelex Xobeh
Okawaru
Trog

Shops:
D:5 (


Innate Abilities, Weirdness & Mutations

You are resistant to torment.
Your stone body is resilient. (AC +7)
You are immune to poison.
You resist negative energy. (rN+)
You are resistant to electric shocks. (rElec)
You can survive without breathing.
You are immune to petrification.
You are immune to rotting.


Message History

Trog accepts your kill.
Trog appreciates your killing of a magic user.
You hit the orc wizard.
The orc wizard is moderately wounded.
The orc wizard hits you but does no damage.
You bludgeon the orc wizard!!
You kill the orc wizard!
Trog accepts your kill.
Trog appreciates your killing of a magic user.
You hit the orc priest.
The orc priest is moderately wounded.
You recover from your berserk rage.
The orc priest invokes the aid of Beogh against you.
Beogh smites you!
* * * LOW HITPOINT WARNING * * *
You hit the orc priest.
The orc priest is severely wounded.
The orc priest calls down the wrath of Beogh upon you.
Beogh smites you!
You die...

###..##.......
##.##........
#..#.........
##.#..........
##.#)()........
#.o............
##o#...........[
#####o.#..(.........
#..@#(##............
#..#o###............
####.##.............
##.####............
#..# #.......>....
###.###
##....>......
####.....##
###.........
...........#
###..>....
...........#
####....


You could see an orc priest.

Vanquished Creatures
  A two-headed ogre (D:7)
  Grinder (D:5)
  6 yaks
  2 hungry ghosts (D:7)
  3 sky beasts (D:7)
  A black bear (D:5)
  A hornet zombie (D:6)
  An ice beast (D:7)
  2 ogres
  A centaur (D:6)
  2 bullfrogs (D:6)
  3 big kobolds (D:7)
  2 scorpions
  2 howler monkeys
  4 crimson imps
  A quasit (D:5)
  A hound (D:5)
  A jelly (D:5)
  2 centaur skeletons
  4 iguanas
  3 orc wizards (D:7)
  6 worker ants
  A hound skeleton (D:7)
  7 gnolls
  2 howler monkey skeletons
  7 adders
  2 oozes
  A worm (D:2)
  2 dart slugs (D:2)
  2 leopard geckos
  7 orcs
  3 giant cockroaches
  13 goblins
  5 hobgoblins
  6 jackals
  23 kobolds
  2 quokkas
  3 bats
  10 frilled lizards
  A jackal skeleton (D:6)
  2 jackal zombies
  A quokka skeleton (D:4)
  10 rats
160 creatures vanquished.

Notes
Turn   | Place    | Note
-------+----------+-------------------------------------------
     0 | D:1      | HoaS the Gargoyle Fighter began the quest for the Orb.
     0 | D:1      | Reached XP level 1. HP: 14/14 MP: 1/1
    46 | D:1      | You fall into a shaft and drop 1 floor!
   157 | D:2      | Reached XP level 2. HP: 19/19 MP: 2/2
   206 | D:2      | Reached XP level 3. HP: 16/24 MP: 3/3
   312 | D:2      | Reached skill level 3 in Maces & Flails
  1240 | D:2      | Reached XP level 4. HP: 29/29 MP: 4/4
  1281 | D:2      | Found a snail-covered altar of Cheibriados.
  1296 | D:2      | Found a bloodstained altar of Trog.
  1305 | D:2      | Became a worshipper of Trog the Wrathful
  1756 | D:3      | Reached XP level 5. HP: 30/33 MP: 5/5
  1840 | D:3      | Reached skill level 4 in Maces & Flails
  2008 | D:3      | Found a sparkling altar of Nemelex Xobeh.
  2017 | D:3      | Reached * piety under Trog
  2658 | D:4      | Reached XP level 6. HP: 33/39 MP: 6/6
  2709 | D:4      | Found a shadowy altar of Dithmenos.
  2893 | D:4      | Reached skill level 5 in Maces & Flails
  3091 | D:4      | Reached skill level 5 in Shields
  3136 | D:5      | Entered Level 5 of the Dungeon
  3181 | D:5      | Reached skill level 5 in Fighting
  3181 | D:5      | Reached XP level 7. HP: 40/44 MP: 7/7
  3182 | D:5      | Found an iron altar of Okawaru.
  3200 | D:5      | Noticed Grinder
  3226 | D:5      | Paralysed by Grinder for 2 turns
  3247 | D:5      | Killed Grinder
  3479 | D:5      | Reached skill level 6 in Maces & Flails
  3575 | D:5      | Found a shattered altar of Ashenzari.
  3652 | D:5      | Noticed a yak
  3653 | D:5      | Noticed a yak
  3668 | D:5      | Killed a yak
  3668 | D:5      | Reached XP level 8. HP: 46/51 MP: 8/8
  3673 | D:5      | Noticed a yak
  3673 | D:5      | Noticed a yak
  3675 | D:5      | Noticed a yak
  3678 | D:5      | Noticed a yak
  3699 | D:4      | Killed a yak
  3699 | D:4      | Reached skill level 7 in Maces & Flails
  3938 | D:5      | Killed a yak
  3948 | D:5      | Killed a yak
  3958 | D:5      | Killed a yak
  3965 | D:5      | Killed a yak
  3965 | D:5      | Reached skill level 8 in Maces & Flails
  3965 | D:5      | Reached XP level 9. HP: 37/56 MP: 9/9
  4210 | D:5      | Found Owicoxt's Weapon Boutique.
  4532 | D:5      | Reached ** piety under Trog
  4671 | D:6      | Found a staircase to the Ecumenical Temple.
  4850 | D:6      | Found Culy's Armour Shoppe.
  5061 | D:6      | Reached skill level 9 in Maces & Flails
  5823 | D:7      | Reached *** piety under Trog
  5834 | D:7      | Reached XP level 10. HP: 62/64 MP: 10/10
  5916 | D:7      | Reached skill level 10 in Maces & Flails
  5927 | D:7      | Noticed a two-headed ogre
  5954 | D:7      | Killed a two-headed ogre
  5992 | D:7      | Killed from afar by an orc priest

Illustrated notes

Levels and vault maps discovered:
D:1:      dpeg_arrival_another_circle, layout_loops_ring
D:2:      layout_basic, kennysheep_slug_shrine, lemuel_round_altar, first_ration
D:3:      layout_basic, nemelex_xobeh_ov_fountains_minmay
D:4:      layout_cave_pools, nicolae_dithmenos_shadow_blocks
D:5:      layout_basic, okawaru_gym_becter, ashenzari_altar_1, serial_shops,
          shop, minmay_diced_spiral, uniq_grinder
D:6:      layout_rooms, minmay_temple_entry_sparse_star, serial_shops, shop,
          minmay_lizard_king
D:7:      lemuel_slime, layout_cave_pods

Skill      XL: |  1  2  3  4  5  6  7  8  9 10 |
---------------+-------------------------------+-----
Maces & Flails | 3 4 5 6 8 9 10 | 10.5
Shields        | 4 5 6 8 |  8.7
Fighting       | 4 5 6 8 |  8.7
Armour         | |  3.2

Action                   |  1- 3 |  4- 6 |  7- 9 | 10-12 || total
-------------------------+-------+-------+-------+-------++-------
Melee: Flail             |   123 |   229 |   416 |    72 ||   840
Invok: Berserk           |       |       |     1 |     1 ||     2
  Use: Scroll            |     3 |     9 |     5 |       ||    17
       Potion            |       |       |       |     2 ||     2
  Eat: Chunk             |     1 |     7 |     9 |       ||    17
       Ration            |       |       |     2 |     1 ||     3
Armor: Chain mail        |    76 |   118 |   173 |    33 ||   400
       Scale mail        |     1 |       |       |       ||     1
Dodge: Dodged            |    25 |    40 |    67 |     9 ||   141
Block: Kite shield       |    51 |   124 |   230 |    68 ||   473
